 Dungeon Sprint DCSS version 0.20.1-1-g8b1a95d (webtiles) character file.

62811 equalderp2856 the Executioner (level 14, -3/155 HPs)
             Began as a Minotaur Fighter on Sept 4, 2017.
             Killed from afar by a tengu reaver (19 damage)
             ... with a bolt of acid
             ... in the Dungeon (Sprint IX: "|||||||||||||||||||||||||||||").
             The game lasted 00:14:51 (6299 turns).

equalderp2856 the Executioner (Minotaur Fighter)    Turns: 6299, Time: 00:14:51

Health: -3/155     AC: 32    Str: 22    XL:     14   Next: 65%
Magic:  13/13      EV: 15    Int: 10    God:
Gold:   530        SH: 17    Dex: 12    Spells: 13/13 levels left

rFire    + . .     SeeInvis .   t - +1 broad axe (freeze)
rCold    . . .     Gourm    .   Q - +0 shield {reflect}
rNeg     . . .     Faith    .   A - +4 plate armour of Haetim {rElec Regen+ Int+3}
rPois    .         Spirit   .   (helmet restricted)
rElec    +         Reflect  +   E - +0 cloak
rCorr    .         Harm     .   K - +2 pair of gloves of the Lily {rF+}
MR       +....     NoTele   +   M - +1 pair of boots
Stlth    ..........             z - amulet of rage
Regen    0.8/turn               p - +2 ring of evasion
MPRegen  0.2/turn               q - +2 ring of evasion

@: very slightly contaminated, hasted, very quick
A: retaliatory headbutt, horns 2
a: Evoke Berserk Rage


You were in the Dungeon.
You were not hungry.

You visited 1 branch You collected 1912 gold pieces.
You spent 1382 gold pieces at shops.

Inventory:

Hand Weapons
 a - a +0 war axe
 t - a +1 broad axe of freezing (weapon)
Armour
 b - a +0 scale mail
 c - a +0 shield
 r - a +0 plate armour
 s - a +0 pair of gloves
 A - the +4 plate armour of Haetim (worn) {rElec Regen+ Int+3}
   (You bought it in a shop in the Dungeon)

   It affects your intelligence (+3).
   It insulates you from electricity.
   It increases your rate of regeneration.
 D - a +0 pair of gloves
 E - a +0 cloak (worn)
 J - a +1 large shield
 K - the +2 pair of gloves of the Lily (worn) {rF+}
   (You found it in the Dungeon)

   It protects you from fire.
 L - a +1 plate armour of cold resistance
 M - a +1 pair of boots (worn)
 P - a +1 plate armour of cold resistance
 Q - a +0 shield of reflection (worn)
Jewellery
 p - a +2 ring of evasion (left hand)
 q - a +2 ring of evasion (right hand)
 z - an amulet of rage (around neck)
 F - an uncursed ring of protection from fire
 G - an uncursed ring of protection from magic
 H - an uncursed ring of fire
 I - an uncursed ring of see invisible
Wands
 o - a wand of lightning (7/15)
 O - a wand of disintegration (12/24)
Scrolls
 k - a scroll of blinking
 m - 3 scrolls of remove curse
 n - 2 scrolls of amnesia
 u - a scroll of recharging
 v - 2 scrolls of enchant armour
 w - 2 scrolls of enchant weapon
 x - 2 scrolls of fear
 y - 3 scrolls of fog
Potions
 d - a potion of might
 e - a potion of curing
 h - 2 potions of haste
 i - 4 potions of magic
 j - a potion of berserk rage
 N - a potion of brilliance
Miscellaneous
 g - a lamp of fire
Comestibles
 f - 10 bread rations
 B - 38 fruits
 C - 12 meat rations


   Skills:
 + Level 22.5 Fighting
 + Level 24.3 Axes
 + Level 20.4 Armour
 + Level 7.0 Dodging
 + Level 2.5 Stealth
 + Level 24.0 Shields


You had 13 spell levels left.
You didn't know any spells.

Dungeon Overview and Level Annotations

Branches:
Dungeon (1/1)

Altars:
Cheibriados
Dithmenos
Elyvilon
Fedhas
Gozag
Hepliaklqana
Kikubaaqudgha
Makhleb
Nemelex Xobeh
Okawaru
Qazlal
Ru
Sif Muna
Trog
Uskayaw
Vehumet
Xom
Yredelemnul
Zin
The Shining One
Beogh
Jiyva
Lugonu

Shops:
D [}(*


Innate Abilities, Weirdness & Mutations

You reflexively headbutt those who attack you in melee.
You have a pair of horns on your head.


Message History

You feel sick.
You see here a scimitar of flaming.
You feel sick.
You feel sick.
The sentinel's mark upon you fades away.
You feel sick.
You feel sick.
You feel sick.
You feel sick.
You feel sick.
You feel sick.
You feel sick.
You feel sick.
You feel sick.
Unknown command.
You feel better.
You feel yourself speed up. The tengu reaver casts a spell at you.
The bolt of acid hits you!
You die...

.................................
▓▓▓▓▓▓▓▓▓▓▓▓▓▓▓▓▓▓▓▓▓▓▓▓▓▓▓▓▓▓▓▓▓
∩.∩)∩))))))...)........)....)..))
▓▓▓▓▓▓▓▓▓▓▓▓▓▓▓▓▓▓▓▓▓▓▓▓▓▓▓▓▓▓▓▓▓
...........).................))..
▓▓▓▓▓▓▓▓▓▓▓▓▓▓▓▓▓▓▓▓▓▓▓▓▓▓▓▓▓▓▓▓▓
.....[))'...........[.[.[[..)))))
▓▓▓▓▓▓▓▓▓▓▓▓▓▓▓▓▓▓▓▓▓▓▓▓▓▓▓▓▓▓▓▓▓
.........)).....@....Q*...*..)...
♣♣♣♣♣♣▓▓▓▓▓▓▓▓▓▓▓▓▓▓▓▓▓▓▓▓▓▓▓▓▓▓▓
[.p..'..)......[.....))).'..†..(.
♣♣♣♣♣♣▓▓▓▓▓▓▓▓▓▓▓▓▓▓▓▓▓▓▓▓▓▓▓▓▓▓▓
............)....................
▓▓▓▓▓▓▓▓▓▓▓▓▓▓▓▓▓▓▓▓▓▓▓▓▓▓▓▓▓▓▓▓▓
Hc..G.(()[..C.(()).....(..((
▓▓▓▓▓▓▓▓▓▓▓▓▓▓▓▓▓▓▓▓▓▓▓▓▓▓▓▓


You could see a tengu reaver and a battlesphere.

Vanquished Creatures
  Frances (D)
  A sphinx (D)
  Donald (D)
  2 thorn hunters (D)
  A nagaraja (D)
  An iron dragon (D)
  3 ironheart preservers (D)
  A very ugly thing (D)
  An entropy weaver (D)
  2 stone giants (D)
  2 spark wasps (D)
  Azrael (D)
  Josephine (D)
  3 ettins (D)
  2 yaktaur captains (D)
  5 fire dragons (D)
  2 great orbs of eyes (D)
  Erolcha (D)
  An ice dragon (D)
  A hydra (D)
  A centaur warrior (D)
  2 ogre magi (D)
  Erica (D)
  A tengu warrior (D)
  A two-headed ogre (D)
  3 deep troll earth magi (D)
  2 shock serpents (D)
  4 orc high priests (D)
  Urug (D)
  A deep elf knight (D)
  2 sea snakes (D)
  A skeletal warrior (D)
  A wizard (D)
  A swamp dragon (D)
  A lindwurm (D)
  A naga ritualist (D)
  A shambling mangrove (D)
  2 necromancers (D)
  4 orc knights (D)
  A manticore (D)
  A mana viper (D)
  A wolf spider (D)
  3 cyclopes (D)
  An ugly thing (D)
  A vault sentinel (D)
  2 naga magi (D)
  A black mamba (D)
  A water nymph (D)
  A rime drake (shapeshifter) (D)
  A spiny frog (D)
  A freezing wraith (D)
  3 jumping spiders (D)
  3 merfolk (D)
  A troll (D)
  A wind drake (D)
  2 hornets (D)
  A polar bear (D)
  4 tyrant leeches (D)
  A raiju (shapeshifter) (D)
  A bog body (D)
  2 hippogriffs (D)
  A slime creature (D)
  A snapping turtle (D)
  A water elemental (D)
  3 redbacks (D)
  4 wraiths (D)
  2 wyverns (D)
  A fire elemental (D)
  A vampire mosquito (D)
  An acid dragon (D)
  A naga (D)
  A soldier ant (D)
  3 hell hounds (D)
  2 porcupines (D)
  3 water moccasins (D)
  8 orc warriors (D)
  A necrophage (D)
  An ogre (D)
  2 centaurs (D)
  5 crocodiles (D)
  4 bullfrogs (D)
  A killer bee (D)
  A wight (D)
  A howler monkey (D)
  A crimson imp (D)
  A hound (D)
  A quasit (D)
  13 orc priests (D)
  5 orc wizards (D)
  An iguana (D)
  A shadow imp (D)
  An adder skeleton (D)
  5 worms (D)
  2 leopard geckos (D)
  5 orcs (D)
  A hobgoblin (D)
  2 kobolds (D)
  A bat (D)
187 creatures vanquished.

Vanquished Creatures (others)
  A spatial maelstrom (D)
  An orc wizard (D)
2 creatures vanquished.

Grand Total: 189 creatures vanquished

Notes
Turn   | Place    | Note
-------+----------+-------------------------------------------
     0 | D        | equalderp2856 the Minotaur Fighter began the quest for the Orb.
     0 | D        | Reached XP level 1. HP: 19/19 MP: 0/0
     1 | D        | Banished a spatial maelstrom
    18 | D        | Noticed an iguana
    18 | D        | Noticed a centaur
    23 | D        | Killed a centaur
    23 | D        | Reached XP level 2. HP: 13/31 MP: 1/1
    23 | D        | Reached XP level 3. HP: 17/38 MP: 2/2
    23 | D        | Reached XP level 4. HP: 20/45 MP: 3/3
    32 | D        | Reached skill level 5 in Axes
   268 | D        | Found a roughly hewn altar of Beogh.
   268 | D        | Found a snail-covered altar of Cheibriados.
   268 | D        | Found a shadowy altar of Dithmenos.
   268 | D        | Found a white marble altar of Elyvilon.
   268 | D        | Found a blossoming altar of Fedhas.
   268 | D        | Found an opulent altar of Gozag.
   269 | D        | Found a hazy altar of Hepliaklqana.
   270 | D        | Found a viscous altar of Jiyva.
   271 | D        | Found an ancient bone altar of Kikubaaqudgha.
   272 | D        | Found a corrupted altar of Lugonu.
   273 | D        | Found a burning altar of Makhleb.
   274 | D        | Found a sparkling altar of Nemelex Xobeh.
   275 | D        | Found an iron altar of Okawaru.
   276 | D        | Found a stormy altar of Qazlal.
   277 | D        | Found a sacrificial altar of Ru.
   278 | D        | Found a deep blue altar of Sif Muna.
   279 | D        | Found a bloodstained altar of Trog.
   280 | D        | Found a hide-covered altar of Uskayaw.
   281 | D        | Found a radiant altar of Vehumet.
   283 | D        | Found a shimmering altar of Xom.
   284 | D        | Found a basalt altar of Yredelemnul.
   285 | D        | Found a glowing silver altar of Zin.
   286 | D        | Found a glowing golden altar of the Shining One.
   312 | D        | Noticed a centaur
   312 | D        | Noticed a troll
   317 | D        | Reached skill level 1 in Dodging
   317 | D        | Reached XP level 5. HP: 52/52 MP: 4/4
   355 | D        | Killed a troll
   355 | D        | Reached XP level 6. HP: 19/62 MP: 5/5
   590 | D        | Noticed a skeletal warrior
   590 | D        | Noticed a two-headed ogre
   600 | D        | Killed a two-headed ogre
   600 | D        | Reached skill level 10 in Armour
   600 | D        | Reached skill level 5 in Dodging
   600 | D        | Reached skill level 10 in Shields
   600 | D        | Reached XP level 7. HP: 45/71 MP: 6/6
   600 | D        | Reached XP level 8. HP: 51/79 MP: 7/7
   610 | D        | Reached skill level 10 in Fighting
   610 | D        | Reached skill level 1 in Stealth
   629 | D        | Killed a skeletal warrior
   922 | D        | Noticed a hippogriff
   926 | D        | Reached XP level 9. HP: 86/86 MP: 8/8
   967 | D        | Noticed a polar bear
   973 | D        | Reached skill level 15 in Axes
   977 | D        | Killed a polar bear
  1109 | D        | Noticed a tyrant leech
  1109 | D        | Noticed a lindwurm
  1120 | D        | Killed a lindwurm
  1120 | D        | Reached XP level 10. HP: 96/96 MP: 9/9
  1383 | D        | Noticed Erica
  1392 | D        | Killed Erica
  1425 | D        | Noticed an orc knight
  1444 | D        | Killed an orc knight
  1748 | D        | Noticed an orc knight
  1862 | D        | Killed an orc knight
  1979 | D        | Noticed an orc knight
  2004 | D        | Killed an orc knight
  2306 | D        | Found Rijergho's General Store.
  2306 | D        | Noticed an orc high priest
  2306 | D        | Noticed an orc high priest
  2313 | D        | Noticed a soul eater
  2313 | D        | Killed an orc high priest
  2313 | D        | Reached XP level 11. HP: 107/107 MP: 10/10
  2320 | D        | Noticed an orc high priest
  2321 | D        | Found Voxoq's Antique Weapon Shop.
  2325 | D        | Killed an orc high priest
  2325 | D        | Reached skill level 15 in Armour
  2331 | D        | Found Luclufy's Gadget Boutique.
  2337 | D        | Noticed an orc high priest
  2340 | D        | Killed an orc high priest
  2342 | D        | Found Itwuthis's Antique Armour Shop.
  2344 | D        | Killed an orc high priest
  2648 | D        | Bought a lamp of fire for 560 gold pieces
  2775 | D        | Bought the +4 plate armour of Haetim {rElec Regen+ Int+3} for 822 gold pieces
  2849 | D        | Noticed Erolcha
  2851 | D        | Noticed Urug
  2856 | D        | Killed Erolcha
  2861 | D        | Killed Urug
  2994 | D        | Got the +2 pair of gloves of the Lily {rF+}
  3048 | D        | Noticed a wizard
  3048 | D        | Noticed an orc knight
  3059 | D        | Noticed an ettin
  3063 | D        | Killed an orc knight
  3068 | D        | Reached skill level 15 in Shields
  3073 | D        | Noticed a fire dragon
  3076 | D        | Killed a wizard
  3083 | D        | Killed an ettin
  3083 | D        | Reached skill level 15 in Fighting
  3085 | D        | Noticed a yaktaur captain
  3087 | D        | Noticed a fire dragon
  3091 | D        | Killed a fire dragon
  3091 | D        | Noticed an ogre mage
  3095 | D        | Noticed a fire dragon
  3158 | D        | Killed a yaktaur captain
  3158 | D        | Reached XP level 12. HP: 26/121 MP: 11/11
  3480 | D        | Killed a fire dragon
  3534 | D        | Killed an ogre mage
  3567 | D        | Killed a fire dragon
  3619 | D        | Noticed a fire dragon
  3625 | D        | Killed a fire dragon
  3689 | D        | Noticed Frances
  3691 | D        | Noticed Josephine
  3714 | D        | Killed Frances
  3728 | D        | Killed Josephine
  3838 | D        | Noticed Azrael
  3850 | D        | Killed Azrael
  3967 | D        | Noticed an entropy weaver
  3985 | D        | Killed an entropy weaver
  4127 | D        | Reached XP level 13. HP: 79/136 MP: 12/12
  4339 | D        | Noticed a nagaraja
  4354 | D        | Killed a nagaraja
  4735 | D        | Noticed a thorn hunter
  4736 | D        | Noticed a thorn hunter
  4746 | D        | Killed a thorn hunter
  4763 | D        | Killed a thorn hunter
  5018 | D        | Noticed Donald
  5034 | D        | Killed Donald
  5173 | D        | Noticed an iron dragon
  5173 | D        | Noticed a stone giant
  5173 | D        | Noticed a fire dragon
  5184 | D        | Killed a fire dragon
  5416 | D        | Killed a stone giant
  5586 | D        | Killed an iron dragon
  5641 | D        | Noticed a spark wasp
  5643 | D        | Noticed an ettin
  5655 | D        | Killed a spark wasp
  5655 | D        | Reached XP level 14. HP: 78/149 MP: 13/13
  5783 | D        | Noticed a purple very ugly thing
  5798 | D        | Killed a purple very ugly thing
  5893 | D        | Noticed an ironheart preserver
  5906 | D        | Killed an ironheart preserver
  5945 | D        | Noticed an ironheart preserver
  5949 | D        | Noticed an ironheart preserver
  5953 | D        | Noticed a stone giant
  5973 | D        | Noticed a sphinx
  6170 | D        | Killed an ironheart preserver
  6179 | D        | Killed an ironheart preserver
  6199 | D        | Killed a stone giant
  6222 | D        | Paralysed by a sphinx for 7 turns
  6238 | D        | Noticed a tengu reaver
  6240 | D        | Killed a sphinx
  6299 | D        | Killed from afar by a tengu reaver

Skill      XL: |  1  2  3  4  5  6  7  8  9 10 11 12 13 14 |
---------------+-------------------------------------------+-----
Armour         | 6 7 8 10 12 13 14 16 17 19 20 | 20.4
Fighting       | 6 7 8 9 10 11 13 15 18 20 22 | 22.5
Shields        | 6 7 9 10 11 12 13 16 18 22 24 | 24.0
Axes           | 4 5 9 12 13 16 18 20 21 23 24 | 24.3
Dodging        | 1 3 5 6 7 |  7.0
Stealth        | 1 2 |  2.5

Action                   |  1- 3 |  4- 6 |  7- 9 | 10-12 | 13-15 || total
-------------------------+-------+-------+-------+-------+-------++-------
Melee: War axe           |    13 |    22 |       |       |       ||    35
       Headbutt          |     5 |     6 |    18 |    83 |    93 ||   205
       Broad axe         |       |    21 |    99 |   416 |   366 ||   902
  Use: Potion            |       |     2 |     2 |     6 |     4 ||    14
       Scroll            |       |       |       |     1 |     1 ||     2
  Eat: Chunk             |       |       |       |     3 |     1 ||     4
       Fruit             |       |       |       |     2 |       ||     2
       Bread ration      |       |       |       |     1 |     2 ||     3
Armor: Scale mail        |     7 |    12 |       |       |       ||    19
       Plate armour      |       |    16 |    21 |    73 |   142 ||   252
Dodge: Dodged            |     3 |    27 |    24 |    53 |    94 ||   201
Block: Shield            |     3 |    40 |    40 |    58 |   122 ||   263
       Large shield      |       |       |       |   147 |    97 ||   244
       Reflection        |       |       |       |       |     8 ||     8
